[Event "Internationales Werder Bremen IM-Turnier"]
[Site "SV Werder Bremen, Clubräume in der Hemelinger Straße 17, Germany"]
[Date "2018.06.21"]
[Round "6.3"]
[White "Molchanov, Oleksii"]
[Black "Skliarov, Viktor"]
[Result "1-0"]
[TimeControl "90 Minuten/40 Züge + 30 Minuten/Rest + 30 Sekunden ab dem ersten Zug"]
[WhiteTitle "FM"]
[BlackTitle "IM"]
[WhiteFideId "14119820"]
[BlackFideId "14106736"]
[WhiteElo "2350"]
[BlackElo "2359"]

1. c4 e5 2. Nc3 Nf6 3. Nf3 Nc6 4. e3 Bb4 5. Qc2 Bxc3 6. bxc3 d6 7. e4 Nh5 8. Qd1 Qf6 9. g3 Bg4 10.
Be2 g6 11. d3 Bxf3 12. Bxf3 Ng7 13. Bg2 Ne6 14. Rb1 Rb8 15. O-O O-O 16. f4 exf4 17. d4 Na5 18. gxf4 Nxc4 19. f5 Ng7 20.
Qg4 Qd8 21. Bh6 c5 22. Rbd1 cxd4 23. cxd4 b5 24. Bxg7 Kxg7 25. f6+ Kh8 26. Qg5 Re8 27. Rf4 Re6 28. Bh3 Qf8 29. Bxe6 fxe6 30.
f7 Qg7 31. Qe7 Rf8 32. Qxe6 Nb2 33. Rd2 Nc4 34. Rdf2 Qxd4 35. Qd5 Qxd5 36. exd5 Kg7 37. Rf6 a5 38. h3 a4 39. R6f4 Ne5 40.
Rf1 Rxf7 41. Rxf7+ Nxf7 42. Rb1 Ng5 43. Rxb5 Nxh3+ 44. Kh2 Nf4 45. Rb4 Nxd5 46. Rxa4 Kf6 47. Rh4 h5 48. a4 Ke6 49.
a5 Kd7 50. a6 Kc7 51. Rd4 Nb6 52. Rb4 Nc8 53. Kg3 g5 54. Kf3 h4 55. Kg4 d5 56. Rb1 d4 57. Kxg5 d3 58. Kf4 d2 59.
Ke3 d1=Q 60. Rxd1 Kb6 61. Ra1 Na7 62. Kd4 h3 63. Ra2 Nc6+ 64. Kc4 h2 65. Rxh2 Kxa6 66. Kc5 Ne5 67. Re2 Nd3+ 68. Kc4 Nf4 69. Rf2 Nh5 70.
Kc5 Kb7 71. Rf5 Ng3 72. Rf7+ Kc8 73. Kd5 Kd8 74. Ke5 Ne2 75. Kd6 Kc8 76. Rc7+ Kb8 77. Rc4 Kb7 78. Ke5 Kb6 79. Rc2 Ng3 80.
Rg2 Nf1 81. Ke4 1-0

[Event "Internationales Werder Bremen IM-Turnier"]
[Site "SV Werder Bremen, Clubräume in der Hemelinger Straße 17, Germany"]
[Date "2018.06.21"]
[Round "6.2"]
[White "Osmanodja, Filiz"]
[Black "Ahlander, Björn"]
[Result "0-1"]
[TimeControl "90 Minuten/40 Züge + 30 Minuten/Rest + 30 Sekunden ab dem ersten Zug"]
[WhiteTitle "WIM"]
[BlackTitle "IM"]
[WhiteFideId "24633569"]
[BlackFideId "1700251"]
[WhiteElo "2352"]
[BlackElo "2435"]

1. e4 c5 2. Nc3 Nc6 3. Nf3 g6 4. d4 cxd4 5. Nxd4 Bg7 6. Be3 d6 7. Bc4 Nf6 8. f3 O-O 9. Qd2 Bd7 10.
O-O-O Rb8 11. Bb3 Na5 12. h4 b5 13. Kb1 Nc4 14. Bxc4 bxc4 15. Ka1 h5 16. Nde2 Qa5 17. Bd4 e5 18.
Be3 Qb4 19. Rb1 Be6 20. Bh6 Rfd8 21. Bxg7 Kxg7 22. Qg5 Qc5 23. g4 Nh7 24. Qc1 hxg4 25. f4 exf4 26. Nxf4 Qe5 27. h5 g5 28.
h6+ Kh8 29. Nxe6 fxe6 30. Qg1 d5 31. exd5 exd5 32. Re1 Qd6 33. Qxa7 Rd7 34. Qd4 Qf6 35. Qxg4 Rdb7 36. Re6 Qf2 37.
Rb1 d4 38. Nd5 Rxb2 39. Rb6 Rxa2+ 40. Kxa2 Qxc2+ 41. Ka3 Ra8+ 42. Kb4 Qxb1+ 43. Kc5 Ra5+ 44. Kc6 Qg6+ 45. Kb7 Qf7+ 46. Nc7 Rd5 47.
Qc8 Nf8 48. Kb8 Qf4 49. Kb7 Rd7 50. Rc6 d3 51. Ka6 c3 52. Ne6 Qa4+ 53. Kb6 Qb4+ 54. Ka6 Rf7 55. Rxc3 d2 56. Rd3 Qa4+ 57.
Kb6 Qb4+ 58. Ka6 Rf6 59. Rd8 d1=Q 60. Rxd1 Qa4+ 61. Kb7 Qxd1 62. Nxf8 Qb3+ 63. Kc7 Qc4+ 0-1

[Event "Internationales Werder Bremen IM-Turnier"]
[Site "SV Werder Bremen, Clubräume in der Hemelinger Straße 17, Germany"]
[Date "2018.06.21"]
[Round "6.4"]
[White "Kardoeus, David"]
[Black "Grabarczyk, Miroslav"]
[Result "0-1"]
[TimeControl "90 Minuten/40 Züge + 30 Minuten/Rest + 30 Sekunden ab dem ersten Zug"]
[BlackTitle "GM"]
[WhiteFideId "12912050"]
[BlackFideId "1101684"]
[WhiteElo "2226"]
[BlackElo "2402"]

1. e4 e5 2. Nf3 Nc6 3. d4 exd4 4. Nxd4 Bb4+ 5. c3 Bc5 6. Nxc6 bxc6 7. Bc4 d6 8. O-O Ne7 9. Qh5 O-O 10.
Bg5 Qe8 11. Nd2 Be6 12. Bxe7 Qxe7 13. Ba6 Bc8 14. Qe2 d5 15. b4 Bd6 16. Bxc8 Raxc8 17. f4 a5 18. bxa5 Ra8 19. a6 Ba3 20.
Rab1 Qc5+ 21. Kh1 Qxc3 22. Rf3 Qa5 23. Rh3 Rxa6 24. exd5 cxd5 25. Rb5 Qa4 26. Rxd5 Rd6 27. Qd3 h6 28.
Nc4 Re8 29. Re3 Rxd5 30. Qxd5 Rxe3 31. Nxe3 Bd6 32. g3 Qa3 33. Nf5 Bf8 34. Kg2 g6 35. Nh4 Qa6 36. f5 g5 37. Nf3 Qe2+ 38.
Kh3 h5 39. f6 Qf1 40. Nh4 0-1

[Event "Internationales Werder Bremen IM-Turnier"]
[Site "SV Werder Bremen, Clubräume in der Hemelinger Straße 17, Germany"]
[Date "2018.06.23"]
[Round "8.3"]
[White "Kardoeus, David"]
[Black "Ahlander, Björn"]
[Result "0-1"]
[TimeControl "90 Minuten/40 Züge + 30 Minuten/Rest + 30 Sekunden ab dem ersten Zug"]
[BlackTitle "IM"]
[WhiteFideId "12912050"]
[BlackFideId "1700251"]
[WhiteElo "2226"]
[BlackElo "2435"]

1. e4 c5 2. Nf3 e6 3. d4 cxd4 4. Nxd4 Nc6 5. Nc3 Qc7 6. Be3 a6 7. Qf3 Nf6 8. O-O-O Be7 9. Qg3 Qxg3 10.
hxg3 Ng4 11. Nxc6 bxc6 12. Bb6 Rb8 13. Na4 Rxb6 14. Nxb6 Nxf2 15. Nxc8 Nxh1 16. Bxa6 Nxg3 17. e5 Ne4 18.
Nb6 Bd8 19. Nc4 Bg5+ 20. Kb1 Ke7 21. Nb6 Rd8 22. c3 Nc5 23. Be2 f6 24. b4 Ne4 25. Kc2 fxe5 26. Bd3 Nf6 27. Re1 Rb8 28.
Nc4 Ra8 29. Rxe5 Rxa2+ 30. Nb2 Bf4 31. Re1 h6 32. Kb3 Ra8 33. c4 Rb8 34. Ra1 Be5 35. b5 Bd4 36. Ra6 e5 37. Na4 e4 38.
Be2 cxb5 39. cxb5 Bf2 40. Nc3 d5 41. Rc6 d4 42. Rxf6 gxf6 43. Nxe4 Be3 44. Kc4 Rc8+ 45. Kb4 Rc2 46.
Bf3 d3 47. Kb3 f5 48. Nc3 Bd4 49. Nd5+ Kd6 50. Nf4 Rc3+ 51. Kb4 d2 52. Bh5 Rc1 0-1

[Event "Internationales Werder Bremen IM-Turnier"]
[Site "SV Werder Bremen, Clubräume in der Hemelinger Straße 17, Germany"]
[Date "2018.06.24"]
[Round "9.3"]
[White "Ahlander, Björn"]
[Black "Wachinger, Nikolas"]
[Result "1/2-1/2"]
[TimeControl "90 Minuten/40 Züge + 30 Minuten/Rest + 30 Sekunden ab dem ersten Zug"]
[WhiteTitle "IM"]
[WhiteFideId "1700251"]
[BlackFideId "12962791"]
[WhiteElo "2435"]
[BlackElo "2292"]

1. d4 Nf6 2. Bg5 d5 3. Nc3 Nbd7 4. Qd3 c6 5. e4 dxe4 6. Nxe4 Nxe4 7. Qxe4 Qa5+ 8. Bd2 Qd5 9. Qe3 Nf6 10.
Nf3 Bf5 11. Bd3 Bxd3 12. Qxd3 Qe4+ 13. Qxe4 Nxe4 14. Be3 e6 15. Ke2 Be7 16. Kd3 Nd6 17. Ke2 Nf5 18. Bd2 Nh4 19. Nxh4 Bxh4 20.
Be3 Bf6 21. Rhd1 O-O-O 22. Rd3 e5 23. dxe5 Bxe5 24. c3 1/2-1/2

[Event "Internationales Werder Bremen IM-Turnier"]
[Site "SV Werder Bremen, Clubräume in der Hemelinger Straße 17, Germany"]
[Date "2018.06.24"]
[Round "9.2"]
[White "Skliarov, Viktor"]
[Black "Reuker, Jari"]
[Result "1/2-1/2"]
[TimeControl "90 Minuten/40 Züge + 30 Minuten/Rest + 30 Sekunden ab dem ersten Zug"]
[WhiteTitle "IM"]
[WhiteFideId "14106736"]
[BlackFideId "12909300"]
[WhiteElo "2359"]
[BlackElo "2389"]

1. e4 e5 2. Nf3 Nc6 3. Bb5 a6 4. Bxc6 dxc6 5. O-O Qf6 6. d4 exd4 7. Bg5 Qd6 8. Nxd4 Be7 9. Be3 Nh6 10.
h3 g5 11. Qh5 Qg6 12. Qxg6 hxg6 13. f3 Bd7 14. Nc3 O-O-O 15. Rad1 b6 16. Bf2 Rhe8 17. Rfe1 Bd6 18. Nde2 Kb7 19.
Nc1 f6 20. Nd3 Nf7 21. Bd4 Re6 22. Bxf6 Rxf6 23. e5 Re6 24. exd6 cxd6 25. Rxe6 Bxe6 26. Re1 Re8 27. Kf2 Kc7 28.
b3 d5 29. g4 Kd6 30. Na4 Rb8 31. Kg3 c5 32. c3 Bd7 33. Nab2 a5 34. c4 Re8 35. cxd5 Rxe1 36. Nc4+ Kxd5 37.
Nxe1 b5 38. Nxa5 Kd4 39. f4 gxf4+ 40. Kxf4 g5 41. Kg3 Ne5 42. a3 Be6 43. a4 b4 44. Nf3+ Nxf3 45. Kxf3 Bd5+ 46. Kg3 Ke5 47.
h4 gxh4+ 48. Kxh4 Kf4 49. g5 Bf7 50. Nb7 c4 51. bxc4 Kf5 52. Na5 Be8 53. c5 Bxa4 54. c6 Ke6 55.
c7 Kd7 56. g6 Bc2 57. g7 Bh7 58. Nb3 Kxc7 59. Kg3 Kc6 60. Kf2 Kb5 61. Ke1 Bg8 62. Nd2 Ka4 63. Kd1 Ka3 64. Kc1 Ka2 65.
Kc2 Bh7 66. Kc1 Ka3 67. Kd1 Kb2 68. Ke1 Kc2 69. Ke2 Bg8 70. Ke1 Kd3 71. Kd1 Bh7 72. Kc1 Ke3 73. Nc4+ Kd4 74. Nd2 Ke5 75.
Kb2 Bg8 76. Nf3+ Ke4 77. Ne1 b3 78. Nc2 bxc2 79. Kxc2 Bf7 1/2-1/2